 Dungeon Crawl Stone Soup version 0.30.0 (webtiles) character file.

Game seed: 5332225907865907674

53230 arghonaut the Carver (level 14, -10/106 HPs)
             Began as a Demonspawn Gladiator on May 20, 2023.
             Was the Champion of Hepliaklqana.
             Mangled by a cane toad (53 damage)
             ... on level 5 of the Lair of Beasts.
             The game lasted 00:36:21 (17130 turns).

arghonaut the Carver (Demonspawn Gladiator)        Turns: 17130, Time: 00:36:22

Health: -10/106    AC: 23    Str: 15    XL:     14   Next: 30%
Magic:  20/20      EV:  2    Int: 11    God:    Hepliaklqana [******]
Gold:   430        SH:  0    Dex: 20    Spells: 13/13 levels left

rFire   + + .        K - +1 long sword (pain)
rCold   . . .        (no shield)
rNeg    + . .        a - +6 scale mail of Eternal Vigilance {rPois rF+}
rPois   +            P - +1 hat
rElec   .            O - +1 cloak of Starlight {*Dazzle EV+4 Stlth--}
rCorr   .            y - +2 pair of gloves
SInv    .            M - +1 pair of boots {Fly}
Will    +....        C - amulet of reflection Stlth
                     D - ring "Waqamekh" {rF+ rN+}
HPRegen 0.37/turn    L - ring of poison resistance
MPRegen 0.17/turn

%: reflection
@: sleeping, flying
A: reduced essence, antennae 2, demonic guardian 2, powered by pain 2, big brain
1
a: Renounce Religion, Recall Ancestor, Ancestor Identity, Transference, Idealise


You were on level 5 of the Lair of Beasts.
You worshipped Hepliaklqana.
Hepliaklqana was exalted by your worship.
You visited 2 branches of the dungeon, and saw 15 of its levels.
You also visited: Bailey.

You collected 1196 gold pieces.
You spent 766 gold pieces at shops.

Inventory:

Hand Weapons
 k - a +0 whip of flaming
 K - a +1 long sword of pain (weapon)
Missiles
 d - 2 throwing nets (quivered)
 e - 8 javelins
 g - 7 poisoned darts
 T - 6 silver javelins
Armour
 a - the +6 scale mail of Eternal Vigilance (worn) {rPois rF+}
   (You bought it in a shop on level 8 of the Dungeon)

   rF:        It protects you from fire.
   rPois:     It protects you from poison.
 m - a +0 kite shield
 y - a +2 pair of gloves (worn)
 M - a +1 pair of boots of flying (worn)
 O - the +1 cloak of Starlight (worn) {*Dazzle EV+4 Stlth--}
   (You acquired it in a bailey)

   *Dazzle:   It may blind those who miss an attack against the wearer in melee
   combat.
   EV:        It affects your evasion (+4).
   Stlth:     It makes you much less stealthy.
 P - a +1 hat (worn)
 V - a +1 pair of boots of rampaging
Jewellery
 C - an amulet of reflection (around neck)
 D - the ring "Waqamekh" (left hand) {rF+ rN+}
   (You acquired it in a bailey)

   [ring of protection from fire]

   rF:        It protects you from fire.
   rN:        It protects you from negative energy.
 L - a ring of poison resistance (right hand)
Wands
 v - a wand of charming (5)
 I - a wand of flame (28)
 Q - a wand of mindburst (2)
 R - a wand of iceblast (8)
Scrolls
 c - 2 scrolls of enchant weapon {unknown}
 f - 6 scrolls of teleportation
 i - 6 scrolls of poison
 l - 2 scrolls of blinking {unknown}
 n - 4 scrolls of vulnerability {unknown}
 p - a scroll of fear {unknown}
 q - 2 scrolls of immolation {unknown}
 t - a scroll of silence {unknown}
 w - 5 scrolls of fog {unknown}
 F - 3 scrolls of noise
 J - 5 scrolls of magic mapping {unknown}
 N - a scroll of amnesia {unknown}
Potions
 b - a potion of resistance
 h - 4 potions of brilliance
 j - 2 potions of degeneration
 o - a potion of flight {unknown}
 r - 2 potions of berserk rage
 s - 3 potions of ambrosia
 u - 5 potions of curing
 x - 3 potions of heal wounds
 z - 2 potions of lignification {unknown}
 A - 8 potions of mutation
 B - 6 potions of haste
 G - 7 potions of attraction
 H - a potion of invisibility {unknown}
 U - a potion of cancellation {unknown}
Miscellaneous
 S - a phial of floods


   Skills:
 + Level 13.5 Fighting
 - Level 14.0 Long Blades
 - Level 1.7 Throwing
 - Level 8.0 Armour
 - Level 8.0 Dodging
 + Level 5.6 Shields
 - Level 8.0 Invocations
 - Level 5.0 Evocations


You had 13 spell levels left.
You didn't know any spells.
Your spell library contained the following spells:

 Spells                   Type           Power      Damage    Failure   Level
 Beastly Appendage        Tmut           0%         N/A       75%         1
 Slow                     Hex            0%         N/A       75%         1
 Wereblood                Tmut           0%         N/A       86%         2
 Confusing Touch          Hex            0%         N/A       98%         3
 Portal Projectile        Hex/Tloc       0%         N/A       98%         3
 Spider Form              Tmut/Pois      0%         N/A       98%         3
 Tukima's Dance           Hex            0%         N/A       98%         3
 Vampiric Draining        Necr           0%         2d6       98%         3
 Vhi's Electric Charge    Tloc/Air       0%         N/A       98%         3
 Volatile Blastmotes      Fire/Tloc      0%         2d10      98%         3
 Fulminant Prism          Conj/Hex       0%         3d5       100%        4
 Iskenderun's Mystic Bla  Conj/Tloc      0%         2d3       100%        4
 Arcjolt                  Conj/Air       0%         1d10      100%        5
 Blade Hands              Tmut           0%         N/A       100%        5
 Lee's Rapid Deconstruct  Erth           0%         3d4*      100%        5
 Maxwell's Capacitive Co  Air            0%         ∞         100%        8


Dungeon Overview and Level Annotations

Branches:
Dungeon (10/15)            Temple (0/1) D:6            Lair (5/5) D:9
  Swamp (0/4) Lair:2       Spider (0/4) Lair:3          Orc (0/2) D:10
 Bailey (visited)
  Slime: Lair:4-5

Altars:
Ashenzari
Cheibriados
Dithmenos
Gozag
Hepliaklqana
Kikubaaqudgha
Qazlal
Sif Muna
Uskayaw
Wu Jian
Xom

Shops:
D:1 [(   D:2 !   D:8 [


Innate Abilities, Weirdness & Mutations

Your life essence is reduced to manifest your ancestor. (-10% HP)
You have a pair of antennae on your head.
A demonic guardian rushes to your aid.
You sometimes gain power by taking damage.
You have an unusually large brain. (Int +2)


Message History

The black mamba bites Ammiditana.
The wolf bites Ammiditana!
The wolf misses Ammiditana.
Your orange demon stings the torpor snail from afar.
The torpor snail looks as sick as possible!
Your orange demon poisons the torpor snail!
Ammiditana points at the wolf and mumbles some strange words.
The puff of frost hits the wolf!
You are too injured to fight recklessly!
The black mamba closely misses you.
The wolf closely misses Ammiditana.
The wolf bites Ammiditana!
The black mamba bites you but does no damage.
The wolf barely misses Ammiditana.
The wolf closely misses Ammiditana.
The black mamba closely misses you. You block the polar bear's attack.
The polar bear closely misses you.
The polar bear claws you but does no damage.
Your orange demon stings the torpor snail.
The torpor snail dies!
Ammiditana hits the wolf with a +0 quarterstaff!
The wolf bites Ammiditana!
You hit the cane toad but do no damage. Your punch misses the cane toad.
You feel yourself speed up.
Your orange demon is no longer moving slowly.
Ammiditana is no longer moving slowly.
The wolf bites Ammiditana.
The black mamba misses you. The cane toad stings you!
The wolf bites Ammiditana!
Ammiditana is destroyed!
The black mamba bites you but does no damage.
You block the polar bear's attack. The polar bear closely misses you.
The polar bear barely misses you.
You are too injured to fight recklessly!
You are too injured to fight recklessly!
You are too injured to fight recklessly!
The cane toad attacks as you move away! The cane toad closely misses you.
The wolf bites your orange demon!
The dream sheep shakes its wool and sparkles.
You feel drowsy...
You fall asleep.
The wolf bites your orange demon. The black mamba barely misses you.
The cane toad stings you!!!
Ouch! That really hurt!
You die...

........≈~≈≈~.....P~~P~.
..P....~~≈≈≈~.....~.~~~~~
.#.....~≈≈≈≈≈.....~~.~≈~~
......~≈≈≈≈~......~~.~~.~
......~≈≈≈~........~~.~~.
......≈≈≈≈≈~.....Y.......
......~~≈≈≈~...hh.#......
.....<.~~≈~~...4FS....~.~
.........~~.....@h...~~≈~
...............#....~~≈≈≈
................##P..~~≈~
.............P.## P.~~~..
...............# #......
................. ......
.................. ......
...........###≈≈≈≈P ....
...........##≈≈≈≈≈≈


You could see a polar bear, a black mamba (blind), a cane toad, 2 wolves, a
dream sheep and a friendly orange demon (summoned).

Vanquished Creatures
  Josephine (Lair:4)
  A boulder beetle (D:10)
  5 death yaks
  A skyshark (Lair:3)
  An orc knight (Bailey)
  2 orc sorcerers
  A wolf spider (Lair:3)
  7 elephants
  3 black mambas
  3 cane toads
  A torpor snail (Lair:3)
  4 komodo dragons
  A troll (D:9)
  A dream sheep (Lair:4)
  14 blink frogs
  A shadow (D:10)
  5 wyverns
  3 culicivoras (Lair:3)
  3 wraiths
  17 yaks
  2 basilisks
  2 wargs
  A swamp worm (Lair:2)
  An acid dragon (D:10)
  Duvessa (D:5)
  10 water moccasins
  2 sky beasts (D:7)
  11 orc warriors
  A black bear (D:4)
  9 wolves
  2 centaurs
  A phantom (D:4)
  A scorpion (D:6)
  4 bullfrogs
  6 wights
  Dowan (D:5)
  7 killer bees
  3 electric eels (Bailey)
  7 orc priests
  A jelly (D:8)
  2 sleepcaps
  Jessica (D:3)
  An iguana (D:7)
  9 orc wizards
  3 gnolls
  3 adders
  3 white imps
  A worm (D:5)
  A dart slug (D:1)
  27 orcs
  5 ball pythons
  9 bats
  3 endoplasms
  3 giant cockroaches
  10 goblins
  9 hobgoblins
  4 kobolds
  A quokka (D:5)
  4 frilled lizards
  6 rats
253 creatures vanquished.

Vanquished Creatures (collateral kills)
  Nessos (Lair:4)
  A two-headed ogre (D:6)
  A boulder beetle (Lair:4)
  Urug (Lair:2)
  3 death yaks
  An orc high priest (Bailey)
  A fire crab (Lair:3)
  A skyshark (Lair:2)
  8 elephants
  2 black mambas
  2 torpor snails
  An unseen horror (D:10)
  5 cane toads
  A rime drake (Lair:2)
  3 komodo dragons
  A polar bear (Lair:3)
  A tyrant leech (Lair:2)
  2 blink frogs
  5 dream sheep (Lair:4)
  A culicivora (Lair:3)
  Sigmund (D:3)
  3 wraiths (Lair:4)
  2 wyverns (Lair:2)
  7 yaks
  A basilisk (Lair:2)
  A steam dragon (D:6)
  2 wargs (D:9)
  4 water moccasins
  11 orc warriors
  A sky beast (D:6)
  A black bear (Lair:2)
  4 wolves
  6 bullfrogs
  2 scorpions
  3 wights (D:8)
  3 killer bees
  An electric eel (Bailey)
  3 hounds
  4 jellies
  3 orc priests
  9 orc wizards
  6 iguanas
  2 gnolls (Bailey)
  4 adders
  3 shadow imps (D:6)
  A white imp (D:5)
  An ufetubus (D:5)
  A worm (D:2)
  A dart slug (D:4)
  32 orcs
  A giant cockroach (D:4)
  7 goblins
  A hobgoblin (D:2)
  A ball python (D:3)
  2 frilled lizards (D:3)
  2 kobolds
  A fire vortex (Lair:5)
180 creatures vanquished.

Vanquished Creatures (others)
  A wizard (D:8)
  21 battlemagi
  A bush (Lair:2)
  13 fungi
  24 plants
60 creatures vanquished.

Grand Total: 493 creatures vanquished

Notes
Turn   | Place    | Note
-------+----------+-------------------------------------------
     0 | D:1      | arghonaut the Demonspawn Gladiator began the quest for the
                  | Orb.
     0 | D:1      | Reached XP level 1. HP: 16/16 MP: 1/1
    61 | D:1      | Reached skill level 3 in Long Blades
    67 | D:1      | Found Ruahoybol's Armour Boutique.
    95 | D:1      | Gained mutation: You have a pair of small antennae on your
                  | head. [demonic ancestry]
    95 | D:1      | Reached XP level 2. HP: 10/22 MP: 2/2
   208 | D:1      | Found Netueh's Weapon Emporium.
   362 | D:1      | Reached XP level 3. HP: 18/27 MP: 3/3
   671 | D:2      | Reached skill level 4 in Long Blades
   779 | D:2      | You fall into a shaft and drop 1 floor!
   795 | D:3      | Found a faded altar of an unknown god.
   800 | D:3      | Prayed at the altar of an unknown god.
   800 | D:3      | Became a worshipper of Hepliaklqana the Forgotten
   800 | D:3      | Reached * piety under Hepliaklqana
  1051 | D:3      | Gained mutation: A weak demonic guardian rushes to your
                  | aid. [demonic ancestry]
  1051 | D:3      | Reached XP level 4. HP: 28/29 MP: 4/4
  1346 | D:2      | Reached ** piety under Hepliaklqana
  1347 | D:2      | Remembered your ancestor Ammiditana as a battlemage
  1374 | D:2      | Found Zasuuq's Distillery.
  1382 | D:2      | Bought a potion of curing for 36 gold pieces
  1419 | D:3      | Noticed Sigmund
  1426 | D:3      | Killed Sigmund
  1427 | D:3      | Reached skill level 6 in Long Blades
  1427 | D:3      | Reached XP level 5. HP: 32/34 MP: 5/5
  1487 | D:3      | Found a stormy altar of Qazlal.
  1708 | D:3      | Noticed Jessica
  1715 | D:3      | Killed Jessica
  1716 | D:3      | Gained mutation: You have a pair of antennae on your head.
                  | [demonic ancestry]
  1716 | D:3      | Reached XP level 6. HP: 26/39 MP: 6/6
  1944 | D:4      | Reached skill level 7 in Long Blades
  1997 | D:4      | Identified the +4 ring mail of Wamitucw {Dex+3}
  2034 | D:4      | Reached XP level 7. HP: 43/45 MP: 7/7
  2097 | D:4      | Found an ornate altar of the Wu Jian Council.
  2272 | D:5      | Entered Level 5 of the Dungeon
  2332 | D:5      | Reached skill level 8 in Long Blades
  2626 | D:5      | Noticed Dowan
  2628 | D:5      | Noticed Duvessa
  2635 | D:5      | Killed Duvessa
  2637 | D:5      | Killed Dowan
  2904 | D:5      | Found an opulent altar of Gozag.
  3486 | D:6      | Reached *** piety under Hepliaklqana
  3491 | D:6      | Found a staircase to the Ecumenical Temple.
  3502 | D:6      | Reached skill level 5 in Fighting
  3502 | D:6      | Gained mutation: You sometimes gain a little power by
                  | taking damage. [demonic ancestry]
  3502 | D:6      | Reached XP level 8. HP: 54/55 MP: 8/8
  4571 | D:6      | Noticed a two-headed ogre
  4582 | D:6      | Killed a two-headed ogre
  4583 | D:6      | Gained mutation: You have an unusually large brain. (Int
                  | +2) [demonic ancestry]
  4583 | D:6      | Reached XP level 9. HP: 70/70 MP: 9/9
  4771 | D:7      | Reached skill level 10 in Fighting
  4829 | D:7      | Reached skill level 1 in Armour
  4829 | D:7      | Reached **** piety under Hepliaklqana
  5347 | D:7      | Found a hide-covered altar of Uskayaw.
  5678 | D:8      | Found a snail-covered altar of Cheibriados.
  5737 | D:8      | Noticed an orc sorcerer
  5738 | D:8      | Noticed a wizard
  5742 | D:8      | Noticed a smoke demon
  5754 | D:8      | Noticed a sun demon
  5771 | D:8      | Noticed a sun demon
  5932 | D:8      | Killed an orc sorcerer
  5933 | D:8      | Reached skill level 5 in Dodging
  5933 | D:8      | Reached XP level 10. HP: 33/76 MP: 10/10
  6169 | D:8      | Killed a wizard
  6353 | D:8      | Found a radiant altar of Vehumet.
  6353 | D:8      | Found an ancient bone altar of Kikubaaqudgha.
  6353 | D:8      | Found an ancient bone altar of Kikubaaqudgha.
  6353 | D:8      | Found a shadowy altar of Dithmenos.
  6353 | D:8      | Found a shimmering altar of Xom.
  6353 | D:8      | Found a broken altar of Ashenzari.
  6559 | D:8      | Found Dusilluk's Armour Shoppe.
  6572 | D:8      | Reached skill level 5 in Armour
  6942 | D:8      | Found a shimmering blue altar of Sif Muna.
  7210 | D:9      | Found a staircase to the Lair.
  7565 | D:9      | Found a flagged portal.
  7576 | Bailey   | Entered a bailey
  7788 | Bailey   | Noticed an orc high priest
  8003 | Bailey   | Noticed a rust devil
  8003 | Bailey   | Killed an orc high priest
  8066 | Bailey   | Noticed an orc knight
  8128 | Bailey   | Killed an orc knight
  8476 | Bailey   | Acquired the +1 cloak of Starlight {*Dazzle EV+4 Stlth--}
  8476 | Bailey   | Found the +1 cloak of Starlight {*Dazzle EV+4 Stlth--}
  8488 | Bailey   | Acquired the ring "Waqamekh" {rF+ rN+}
  8656 | Bailey   | Found an iron altar of Okawaru.
  8658 | Bailey   | Noticed an orc sorcerer
  8662 | Bailey   | Gained mutation: You sometimes gain power by taking damage.
                  | [demonic ancestry]
  8662 | Bailey   | Reached XP level 11. HP: 81/81 MP: 11/11
  8666 | Bailey   | Paralysed by an orc sorcerer for 3 turns
  8669 | Bailey   | Killed an orc sorcerer
  8763 | Bailey   | Reached skill level 11 in Long Blades
  8763 | Bailey   | Reached XP level 12. HP: 87/87 MP: 12/12
  9205 | D:9      | Reached ***** piety under Hepliaklqana
  9517 | D:10     | Entered Level 10 of the Dungeon
  9650 | D:10     | Noticed a boulder beetle
  9667 | D:10     | Killed a boulder beetle
  9668 | D:10     | Reached skill level 12 in Long Blades
  9995 | D:10     | Found a staircase to the Orcish Mines.
 10679 | Lair:1   | Entered Level 1 of the Lair of Beasts
 10903 | D:8      | Bought the +6 scale mail of Eternal Vigilance {rPois rF+}
                  | for 730 gold pieces
 11199 | Lair:1   | Reached skill level 13 in Long Blades
 12235 | Lair:2   | Noticed Urug
 12246 | Lair:2   | Killed Urug
 12465 | Lair:2   | Reached skill level 14 in Long Blades
 12465 | Lair:2   | Reached skill level 1 in Invocations
 12549 | Lair:2   | Noticed a death yak
 12549 | Lair:2   | Noticed a death yak
 12551 | Lair:2   | Noticed a death yak
 12569 | Lair:2   | Noticed a death yak
 12589 | Lair:2   | Killed a death yak
 12597 | Lair:2   | Killed a death yak
 12598 | Lair:2   | Reached skill level 5 in Invocations
 12635 | Lair:2   | Killed a death yak
 12827 | Lair:2   | Killed a death yak
 12828 | Lair:2   | Gained mutation: A demonic guardian rushes to your aid.
                  | [demonic ancestry]
 12828 | Lair:2   | Reached XP level 13. HP: 74/92 MP: 16/18
 13028 | Lair:2   | Found a staircase to the Swamp.
 13514 | Lair:3   | Reached skill level 1 in Evocations
 13926 | Lair:3   | Found a hole to the Spider Nest.
 13947 | Lair:3   | Reached skill level 5 in Evocations
 15261 | Lair:3   | Reached skill level 1 in Shields
 15880 | Lair:4   | Reached XP level 14. HP: 79/104 MP: 20/20
 15973 | Lair:4   | Noticed Nessos
 15985 | Lair:4   | Killed Nessos
 16094 | Lair:4   | Noticed Josephine
 16108 | Lair:4   | Killed Josephine
 16670 | Lair:5   | Entered Level 5 of the Lair of Beasts
 16670 | Lair:5   | Reached ****** piety under Hepliaklqana
 16685 | Lair:5   | Reached skill level 5 in Shields
 17130 | Lair:5   | Mangled by a cane toad

Illustrated notes

Levels and vault maps discovered:
D:1:      minmay_arrival_stone_box, layout_rooms, serial_shops, shop, shop,
          st_stairs_4
D:2:      layout_basic, serial_shops, nicolae_shop_industrial_runoff,
          minmay_misc_feat_five
D:3:      layout_loops_cross, lemuel_crystal_altar,
          ebering_ecumenical_altar_box, uniq_sigmund, uniq_jessica
D:4:      layout_rooms, pdpol_wu_jian_five_deadly_venoms,
          hangedman_abyss_or_decor_lesser_grid
D:5:      layout_basic, mainiacjoe_overflow_brackets,
          kennysheep_decorative_pillar, interstate_on_off, nrook_uturn,
          grunt_ministairs_1, uniq_duvessa
D:6:      hangedman_cross_stitches, layout_cave_pods,
          minmay_temple_entry_crystal_x
D:7:      layout_rooms, mainiacjoe_overflow_alcove_1
D:8:      cheibrodos_wizards_tower, layout_loops_cross,
          kennysheep_orc_sif_temple, doesnt_xom_only_xom, cheibriados_altar_1,
          serial_shops, shop
D:9:      layout_small_grid, erik_lair_orcish_takeover, enter_bailey_2
D:10:     layout_loops_ring, erik_orc_3, nzn_sisyphean_effort
Lair:1:   layout_layer_cave, minivault_26, grunt_forest_stairs_basic
Lair:2:   layout_roguey, minmay_swamp_entry_worms, nicolae_lair_grazing_beasts
          [nicolae_sub_lair_graze_edge, nicolae_sub_lair_graze_edge,
          nicolae_sub_lair_graze_edge, nicolae_sub_lair_graze_edge],
          infiniplex_staircase_pool_2, uniq_urug
Lair:3:   nzn_winding_woodlands_three_and_one [nzn_winding_woodlands_5x15_cabin,
          nzn_winding_woodlands_5x15_pockets,
          nzn_winding_woodlands_5x15_concentric,
          nzn_winding_woodlands_center_lodge], layout_regular_city,
          hellmonk_spider_entry_life_and_decay, nicolae_lair_run_with_the_wolves
Lair:4:   layout_long_grid, lemuel_fruit_tree, grunt_megastairs_1, uniq_nessos,
          uniq_josephine
Lair:5:   minmay_lair_end_enchanted_forest, layout_gridlike,
          dpeg_slime_entry_corner, serial_bayou_pond_b,
          infiniplex_staircase_pool, serial_bayou_shore_a

Skill      XL: |  1  2  3  4  5  6  7  8  9 10 11 12 13 14 |
---------------+-------------------------------------------+-----
Long Blades    | 3 4 6 7 8 11 14 | 14.0
Fighting       | 5 9 10 12 13 | 13.5
Dodging        | 5 7 8 |  8.0
Armour         | 4 7 8 |  8.0
Invocations    | 6 8 |  8.0
Evocations     | 5 |  5.0
Shields        | 3 5 |  5.6
Throwing       | |  1.7

Action                     |  1- 3 |  4- 6 |  7- 9 | 10-12 | 13-15 || total
---------------------------+-------+-------+-------+-------+-------++-------
  Melee: Long sword        |   111 |    49 |   177 |   547 |   584 ||  1468
         Punch             |     1 |     1 |     1 |    11 |    14 ||    28
  Throw: Throwing net      |     2 |       |       |     2 |       ||     4
         Dart              |       |       |     4 |     6 |     6 ||    16
 Invoke: Ancestor Life: Ba |       |     1 |       |       |       ||     1
         Recall Ancestor   |       |       |       |     2 |     1 ||     3
    Use: Potion            |       |       |     1 |     1 |     1 ||     3
         Scroll            |       |       |       |    10 |     3 ||    13
   Stab: Distracted        |       |     2 |       |     5 |     9 ||    16
         Invisible         |       |       |       |    21 |    33 ||    54
 Armour: Leather armour    |    36 |       |       |       |       ||    36
         Chain mail        |    19 |    26 |       |       |       ||    45
         Ring mail         |       |     1 |    85 |    95 |       ||   181
         Scale mail        |       |       |       |    30 |   198 ||   228
  Dodge: Dodged            |    86 |    16 |    84 |   289 |   428 ||   903
  Block: Other             |       |       |    37 |    89 |   112 ||   238
         Reflection        |       |       |     1 |     1 |     3 ||     5
